 Dungeon Crawl Stone Soup version 0.30-a0-743-gbfdf073431 (webtiles) character file.

Game seed: 8045879149527569376

380 Leeroy the Slasher (level 6, -6/32 HPs)
             Began as a Vine Stalker Warper on Feb 6, 2023.
             Mangled by Blork the orc
             ... wielding a +1 battleaxe of electrocution
              (15 damage)
             ... on level 5 of the Dungeon.
             The game lasted 00:05:17 (3489 turns).

Leeroy the Slasher (Vine Stalker Warper)            Turns: 3489, Time: 00:05:18

Health: -6/32      AC: 11    Str: 12 (13) XL:     6   Next: 75%
Magic:  0/10       EV:  2    Int: 16 (17) God:
Gold:   290        SH:  0    Dex: 14      Spells: 9/9 levels left

rFire   + + .      SeeInvis .    v - +8 frozen axe "Frostbite" {freeze, freezing cloud, *Noise Fly rC+}
rCold   . . .      Faith    .    (shield currently unavailable)
rNeg    . . .      Spirit   +    z - +0 plate armour {rF+}
rPois   .          Reflect  .    h - +0 helmet
rElec   .          Harm     .    (no cloak)
rCorr   .          Rampage  .    (no gloves)
Will    +....                    (no boots) Stlth
                                 (no amulet)
HPRegen 1.05/turn                e - ring of willpower
MPRegen 0.12/turn                i - ring of fire

@: flying
A: fangs 2, regeneration 1, magic shield, antimagic bite, no potion heal 2,
clever 1
a: no special abilities


You were on level 5 of the Dungeon.
You visited 1 branch of the dungeon, and saw 5 of its levels.

You collected 290 gold pieces.

Inventory:

Hand Weapons
 a - a +0 falchion
 v - the +8 frozen axe "Frostbite" (weapon) {freeze, freezing cloud, *Noise Fly rC+}
   (You found it on level 5 of the Dungeon)

   rC:        It protects you from cold.
   Fly:       It grants you flight.
   *Noise:    It may make noises in combat.
 w - the +1 short sword "Ucofas" {drain, Dex+6}
   (You took it off a kobold on level 3 of the Dungeon)

   Dex:       It affects your dexterity (+6).
Missiles
 d - 5 boomerangs of dispersal (quivered)
 s - 6 datura-tipped darts
Armour
 b - a +0 leather armour
 h - a +0 helmet (worn)
 z - a +0 plate armour of fire resistance (worn)
Jewellery
 e - a ring of willpower (left hand)
 i - a ring of fire (right hand)
 l - an amulet of faith
 n - a ring of see invisible
Scrolls
 c - 4 scrolls of blinking
 f - 2 scrolls of teleportation {unknown}
 g - 3 scrolls of magic mapping {unknown}
 k - a scroll of fog {unknown}
 p - 2 scrolls of vulnerability {unknown}
 q - a scroll of fear {unknown}
 r - a scroll of brand weapon {unknown}
 t - 2 scrolls of torment {unknown}
 x - a scroll of summoning {unknown}
 y - a scroll of noise {unknown}
Potions
 j - a potion of heal wounds
 m - a potion of cancellation {unknown}
 o - a potion of curing {unknown}
 u - a potion of magic {unknown}


   Skills:
 - Level 3.4 Fighting
 - Level 5.3 Long Blades
 * Level 1.2 Axes
 - Level 0.8 Throwing
 - Level 0.7 Armour
 - Level 1.5 Dodging
 - Level 2.1 Spellcasting
 - Level 3.0 Translocations


You had 9 spell levels left.
You didn't know any spells.
Your spell library contained the following spells:

 Spells                   Type           Power      Damage    Failure   Level
 Blink                    Tloc           22%        N/A       100%        2
 Lesser Beckoning         Tloc           22%        N/A       100%        2
 Sublimation of Blood     Necr           1%         N/A       100%        2
 Teleport Other           Tloc           11%        N/A       100%        3
 Tukima's Dance           Hex            1%         N/A       100%        3
 Vhi's Electric Charge    Tloc/Air       12%        N/A       100%        3
 Manifold Assault         Tloc           11%        N/A       100%        4
 Passage of Golubria      Tloc           11%        N/A       100%        4
 Petrify                  Tmut/Erth      1%         N/A       100%        4
 Irradiate                Conj/Tmut      0%         3d11      100%        5
 Yara's Violent Unravell  Hex/Tmut       0%         3d3       100%        5


Dungeon Overview and Level Annotations

Branches:
Dungeon (5/15)
 Temple: D:4-7

Altars:
Makhleb
Ru
Sif Muna
Wu Jian
Yredelemnul

Annotations:
D:5 Blork the orc


Innate Abilities, Weirdness & Mutations

You have extremely sharp teeth.
Your natural rate of healing is unusually fast.
When hurt, damage is shared between your health and your magic reserves.
Your bite disrupts and absorbs the magic of your enemies.
Potions cannot restore your health.
Your mind is acute. (Int +4, Str/Dex -1)


Message History

Blork the orc barely misses you.
Blork the orc hits you with a +1 battleaxe of electrocution.
You are too injured to fight recklessly!
You are too injured to fight recklessly!
You are too injured to fight recklessly!
You slash Blork the orc! You freeze Blork the orc.
Blork the orc is heavily wounded.
Blork the orc screams, "I'll cover the dungeon with your blood!"
Blork the orc hits you with a +1 battleaxe of electrocution.
Blork the orc hits you with a +1 battleaxe of electrocution!
* * * LOW HITPOINT WARNING * * *
Okay, then.
Blink to where?
Press: ? - help, Dir - move target
As you read the scroll of blinking, it crumbles to dust.
You don't know any spells.
Unknown command.
You aren't carrying any items that you can evoke.
Throw: 7 boomerangs (disperse)
Press: ? - help, Q - select action, (/) - cycle Shift-Dir - straight line, f - Blork the orc
Aim: Blork the orc, wielding a +1 battleaxe of electrocution and wearing a +0 robe (heavily wounded, fast, 63% to hit)
You throw a boomerang of dispersal.
The boomerang of dispersal hits Blork the orc.
Blork the orc blinks!
Blork the orc is heavily wounded.
Throw: 6 boomerangs (disperse)
Press: ? - help, Q - select action, (/) - cycle Shift-Dir - straight line, f/p - Blork the orc
Aim: Blork the orc, wielding a +1 battleaxe of electrocution and wearing a +0 robe (heavily wounded, fast, 63% to hit)
You throw a boomerang of dispersal.
The boomerang of dispersal completely misses Blork the orc.
Blork the orc barely misses you.
You slash Blork the orc! You freeze Blork the orc.
Your bite misses Blork the orc.
Blork the orc is almost dead.
Blork the orc points at you and mumbles some strange words.
The puff of flame hits you. You resist.
Blork the orc hits you with a +1 battleaxe of electrocution.
* * * LOW HITPOINT WARNING * * *
You are electrocuted!
You die...

#.#..# #.##....# #....#
#.##.# ####.# #.##.##.#
#.# ####.......#
###.##########.....#.####
#...........##.###.#.#
#.#.##.####.##.# #...#
#.#.##.####.##.###.###
#.#........<.o@.ยง..#
#.####.####.########
#.####.####.#
#...........#
#############


You could see Blork the orc (fast).

Vanquished Creatures
  A necrophage (D:4)
  A scorpion (D:5)
  A hound (D:5)
  A jelly (D:5)
  An iguana (D:5)
  An orc wizard (D:4)
  Robin (D:2)
  6 adders
  2 dart slugs
  5 orcs
  3 ball pythons
  8 bats
  5 endoplasms
  4 giant cockroaches
  8 goblins
  10 hobgoblins
  2 jackals (D:3)
  7 kobolds
  3 quokkas
  5 frilled lizards
  6 rats
  A spectral orc (D:3)
82 creatures vanquished.

Notes
Turn   | Place    | Note
-------+----------+-------------------------------------------
     0 | D:1      | Leeroy the Vine Stalker Warper began the quest for the Orb.
     0 | D:1      | Reached XP level 1. HP: 11/11 MP: 4/4
    69 | D:1      | Reached skill level 2 in Long Blades
   127 | D:1      | Reached XP level 2. HP: 15/15 MP: 6/6
   521 | D:1      | Found a faded altar of an unknown god.
   628 | D:2      | Reached skill level 3 in Long Blades
   680 | D:2      | Reached XP level 3. HP: 18/18 MP: 7/7
   808 | D:2      | Noticed Robin
   821 | D:2      | Killed Robin
   838 | D:2      | Gained mutation: Your natural rate of healing is unusually
                  | fast. [Vine Stalker growth]
   838 | D:2      | Reached XP level 4. HP: 18/23 MP: 5/8
  1365 | D:3      | Found a sacrificial altar of Ru.
  1368 | D:3      | Found a shimmering blue altar of Sif Muna.
  1368 | D:3      | Found an ornate altar of the Wu Jian Council.
  1372 | D:3      | Found a burning altar of Makhleb.
  1390 | D:3      | Reached skill level 4 in Long Blades
  2002 | D:3      | Found a basalt altar of Yredelemnul.
  2288 | D:3      | Identified the +1 short sword "Ucofas" {drain, Dex+6}
  2407 | D:4      | Reached XP level 5. HP: 26/26 MP: 7/9
  2428 | D:4      | Noticed an orc warrior
  2687 | D:4      | Reached skill level 5 in Long Blades
  2835 | D:5      | Entered Level 5 of the Dungeon
  2886 | D:5      | HP: 1/39 [poisoned by a scorpion]
  2891 | D:5      | Gained mutation: Your muscles are strong. (Str +4, Int/Dex
                  | -1) [potion of mutation]
  2891 | D:5      | Lost mutation: Your muscles are strong. (Str +4, Int/Dex
                  | -1) [potion of mutation]
  2891 | D:5      | Gained mutation: Your mind is acute. (Int +4, Str/Dex -1)
                  | [potion of mutation]
  2891 | D:5      | HP: 1/39 [poisoned by a scorpion]
  2896 | D:5      | Reached XP level 6. HP: 4/32 MP: 8/10
  3139 | D:5      | Found the +8 frozen axe "Frostbite" {freeze, freezing
                  | cloud, *Noise Fly rC+}
  3261 | D:5      | Reached skill level 1 in Axes
  3473 | D:5      | Noticed Blork the orc
  3489 | D:5      | Mangled by Blork the orc

Illustrated notes

Levels and vault maps discovered:
D:1:      minmay_arrival_pointy, layout_rooms,
          shapermc_ecumenical_altar_notcrosses, roderic_filled_cross
D:2:      layout_loops_cross, serial_glass, glass_columns_b, glass_columns_b,
          due_unseen_surprise, feat_on_display, uniq_robin
D:3:      layout_basic, yredelemnul_forgotten_temple_becter,
          grunt_temple_overflow_open
D:4:      minmay_general_purpose_star, layout_basic, general_overflow_altar,
          minmay_temple_entry_waves, guppyfry_early_orc_mine
D:5:      layout_loops_cross, amethyst_overflow_temple_binary, uniq_eustachio,
          uniq_blork_the_orc

Skill      XL: |  1  2  3  4  5  6 |
---------------+-------------------+-----
Long Blades    | 2 3 4 5 |  5.3
Fighting       | 2 3 |  3.4
Axes           | 1 |  1.2
Throwing       | |  0.8
Armour         | |  0.7
Dodging        | |  1.5
Spellcasting   | |  2.1
Translocations | |  3.0

Action                     |  1- 3 |  4- 6 || total
---------------------------+-------+-------++-------
  Melee: Falchion          |    92 |    66 ||   158
         Bite              |    21 |    47 ||    68
         Short sword       |       |    83 ||    83
         Punch             |       |     1 ||     1
         Executioner's axe |       |    14 ||    14
  Throw: Boomerang         |       |     2 ||     2
    Use: Potion            |       |     5 ||     5
         Scroll            |       |     2 ||     2
   Stab: Sleeping          |       |     1 ||     1
 Armour: Leather armour    |    28 |    47 ||    75
         Skin              |       |     7 ||     7
         Plate armour      |       |     1 ||     1
  Dodge: Dodged            |    63 |    98 ||   161

Table legend: (Time is in decaauts)
 A = Elapsed time spent in this place.
 B = Non-inter-level travel time spent in this place.
 C = Inter-level travel time spent in this place.
 D = Time resting spent in this place.
 E = Time spent auto-exploring this place.
 F = Levels seen in this place.
 G = Mean time per level.
                   A        B        C        D        E       F      G
               +--------+--------+--------+--------+--------+-----+--------+
         Total |   3505 |   3382 |    123 |    140 |   2555 |   5 |  701.0 |
       Dungeon |   3505 |   3382 |    123 |    140 |   2555 |   5 |  701.0 |
               +--------+--------+--------+--------+--------+-----+--------+

Top non-repeatable levels by time:
     D:3: 1062 daAuts
     D:2: 698 daAuts
     D:5: 660 daAuts
     D:1: 630 daAuts
     D:4: 453 daAuts
